 Dungeon Crawl Stone Soup version 0.29.1-1-gd02db6906a (webtiles) character file.

Game seed: 1800629411012598503

4 H0rd4k the Insei (level 1, 0/13 HPs)
             Began as an Octopode Transmuter on Oct 21, 2022.
             Slain by a quokka (1 damage)
             ... on level 1 of the Dungeon.
             The game lasted 00:00:09 (118 turns).

H0rd4k the Insei (Octopode Transmuter)               Turns: 118, Time: 00:00:09

Health: 0/13       AC:  1    Str:  9    XL:     1   Next: 60%
Magic:  3/3        EV: 13    Int: 15    God:
Gold:   4          SH:  0    Dex: 12    Spells: 3/4 levels left

rFire   . . .      SeeInvis .     - Unarmed
rCold   . . .      Faith    .   (no shield)
rNeg    . . .      Spirit   .   (helmet restricted)
rPois   .          Reflect  .   (no amulet)
rElec   .          Harm     .   (no ring)
rCorr   .          Rampage  .   (no ring)
Will    .....                   (no ring)
Stlth   ++........              (no ring)
HPRegen 0.04/turn               (no ring)
MPRegen 0.08/turn               (no ring)
                                (no ring)
                                (no ring)

@: no status effects
A: almost no armour, amphibious, 8 rings, camouflage 1, gelatinous body 1,
(nimble swimmer 1), tentacles
a: no special abilities


You were on level 1 of the Dungeon.
You visited 1 branch of the dungeon, and saw 1 of its levels.

You collected 4 gold pieces.

Inventory:

Scrolls
 c - a scroll of blinking {unknown}
 d - a scroll of acquirement {unknown}
Potions
 a - a potion of lignification
 b - a potion of haste {unknown}


   Skills:
 + Level 1.0 Fighting
 + Level 2.0 Dodging
 + Level 3.1 Unarmed Combat
 + Level 2.0 Spellcasting
 + Level 2.0 Transmutations


You had 3 spell levels left.
You knew the following spells:

 Your Spells              Type           Power      Damage    Failure   Level
a - Beastly Appendage     Tmut           14%        N/A       10%         1

Your spell library contained the following spells:

 Spells                   Type           Power      Damage    Failure   Level
 Wereblood                Tmut           7%         N/A       14%         2
 Spider Form              Tmut/Pois      4%         N/A       41%         3
 Ice Form                 Ice/Tmut       4%         N/A       82%         4


Dungeon Overview and Level Annotations

Branches:
Dungeon (1/15)

Altars:


Innate Abilities, Weirdness & Mutations

You cannot wear most types of armour.
You are amphibious.
You can wear up to eight rings at the same time.
Your skin changes colour to match your surroundings (Stealth+).
Your rubbery body absorbs attacks. (AC +1, EV +1)
((You are camouflaged when in or above water. (Stealth+)))
You have tentacles for arms and can constrict up to eight enemies at once.


Message History

There are monsters nearby!
You tentacle-slap the kobold.
You kill the kobold!
A ball python is nearby!
A ball python is nearby!
You barely miss the ball python. You grab the ball python.
You squeeze the ball python.
You kill the ball python!
A quokka comes into view.
A quokka is nearby!
A quokka is nearby!
Found a dagger.
Things that are here:
a +0 dagger; a ball python corpse A quokka is nearby!
The quokka bites you.
You tentacle-slap the quokka but do no damage.
Your grab misses the quokka. The quokka bites you.
A quokka is nearby!
You closely miss the quokka. You grab the quokka. You constrict the quokka.
The quokka barely misses you.
A quokka is nearby!
You barely miss the quokka.
The quokka is moderately wounded.
You constrict the quokka, but do no damage.
The quokka bites you.
A quokka is nearby!
You are too injured to fight recklessly!
A quokka is nearby!
You are too injured to fight recklessly!
You are too injured to fight recklessly!
A quokka is nearby!
You tentacle-slap the quokka.
The quokka is heavily wounded.
You constrict the quokka. The quokka bites you.
* * * LOW HITPOINT WARNING * * *
You tentacle-slap the quokka but do no damage.
The quokka is severely wounded.
You constrict the quokka. The quokka bites you.
You die...

#...#. #...$ ### #
#...# ...#
#.#...#....#
########### #.#...#...
........... ..$...)
##[############.#.#
.....#.#...?.).)@r#
#..#.#.#.######^..#
#..#[#.#.######...#
#..#................
#..#.#.######.#....#.#
#..#.#.#
.###.##.....##
#..###.#..### ###..###
#.........#### .###
#.####....# ### ##


You could see a quokka.

Vanquished Creatures
  A ball python (D:1)
  2 kobolds (D:1)
  A rat (D:1)
4 creatures vanquished.

Notes
Turn   | Place    | Note
-------+----------+-------------------------------------------
     0 | D:1      | H0rd4k the Octopode Transmuter began the quest for the Orb.
     0 | D:1      | Reached XP level 1. HP: 13/13 MP: 3/3
   118 | D:1      | Slain by a quokka

Illustrated notes

Levels and vault maps discovered:
D:1:      spicycebolla_green_bress_n_ham_2, layout_basic,
          chequers_serial_rivers_large_a

Action                   || total
-------------------------++-------
Melee: Unarmed           ||    10
       Constrict         ||     5
       Tentacles         ||     2
 Stab: Sleeping          ||     1
Armor: Skin              ||     1
Dodge: Dodged            ||     3
